 Dungeon Crawl Stone Soup version 0.30-a0-269-gf0224bf7b6 (webtiles) character file.

Game seed: 18157259497253264700

190737 hikkokomori the Spry (level 18, -11/122 HPs)
             Began as a Tengu Berserker on Oct 15, 2022.
             Was a High Priest of Trog.
             Mangled by a shock serpent (13 damage)
             ... on level 4 of the Snake Pit.
             The game lasted 01:23:10 (30518 turns).

hikkokomori the Spry (Tengu Berserker)             Turns: 30518, Time: 01:23:11

Health: -11/122    AC: 15    Str: 25    XL:     18   Next: 17%
Magic:  0/19       EV: 32    Int: 10    God:    Trog [*****.]
Gold:   1943       SH: 15    Dex: 29    Spells: 17/17 levels left

rFire   . . .      SeeInvis +    a - +2 scimitar of Frustration {flame, rN+ Dex+6}
rCold   . . .      Faith    .    r - +0 kite shield {reflect}
rNeg    + . .      Spirit   +    U - +0 swamp dragon scales
rPois   +          Reflect  +    x - +1 hat {SInv}
rElec   .          Harm     .    I - +1 cloak
rCorr   .          Rampage  .    l - +0 pair of gloves of Disguise {Str+3 Int+2}
Will    +....                    (boots unavailable)
Stlth   ++++......               z - amulet of guardian spirit
HPRegen 0.40/turn                e - +4 ring of slaying
MPRegen 0.16/turn                D - +6 ring of dexterity

@: on berserk cooldown, flying quickly and evasively, constricted, quick
A: beak, talons 3, nimble flight
}: 1/15 runes: decaying
a: Renounce Religion, Berserk, Trog's Hand, Brothers in Arms


You were on level 4 of the Snake Pit.
You worshipped Trog.
Trog was extremely pleased with you.
You visited 5 branches of the dungeon, and saw 29 of its levels.
You visited 1 bazaar.
You also visited: Ossuary and Bailey.

You collected 3388 gold pieces.
You spent 1445 gold pieces at shops.

Inventory:

Hand Weapons
 a - the +2 scimitar of Frustration (weapon) {flame, rN+ Dex+6}
   (Trog gifted it to you in an ossuary)

   It burns those it strikes, dealing additional fire damage.
   Big, fiery blades are also staple armaments of hydra-hunters.
   Dex:       It affects your dexterity (+6).
   rN:        It protects you from negative energy.
 d - a +1 antimagic quick blade
 h - a +4 vorpal quick blade
 V - the +7 scimitar of Turmoil {venom, rElec rPois rC+ Will+ Stlth-}
   (You found it on level 3 of the Swamp)

   It poisons the flesh of those it strikes.
   rC:        It protects you from cold.
   rElec:     It insulates you from electricity.
   rPois:     It protects you from poison.
   Will:      It increases your willpower.
   Stlth:     It makes you less stealthy.
 Y - a +5 scimitar of holy wrath
Missiles
 o - 21 poisoned darts (quivered)
 N - a throwing net
 T - 14 curare-tipped darts
Armour
 l - the +0 pair of gloves of Disguise (worn) {Str+3 Int+2}
   (You bought it in a shop on level 3 of the Snake Pit)

   Str:       It affects your strength (+3).
   Int:       It affects your intelligence (+2).
 r - a +0 kite shield of reflection (worn)
 s - a +2 tower shield of poison resistance
 x - a +1 hat of see invisible (worn)
 I - a +1 cloak (worn)
 U - +0 swamp dragon scales (worn)
 Z - a +4 chain mail
Jewellery
 e - a +4 ring of slaying (left hand)
 z - an amulet of guardian spirit (around neck)
 D - a +6 ring of dexterity (right hand)
 P - an amulet of magic regeneration
 W - the ring of Sicor {rN+ Str+6}
   (You found it on level 11 of the Dungeon)

   [ring of positive energy]

   Str:       It affects your strength (+6).
   rN:        It protects you from negative energy.
Wands
 q - a wand of light (5)
 v - a wand of flame (18)
 y - a wand of mindburst (9)
 K - a wand of roots (19)
 L - a wand of paralysis (26)
Scrolls
 b - 2 scrolls of poison
 g - a scroll of fog
 m - 2 scrolls of summoning
 n - 4 scrolls of brand weapon
 p - 6 scrolls of teleportation
 F - 7 scrolls of fear
 J - 6 scrolls of immolation
 M - 2 scrolls of blinking
 R - 6 scrolls of enchant weapon
 S - 4 scrolls of enchant armour
 X - 4 scrolls of magic mapping
Potions
 c - 6 potions of might
 f - 12 potions of curing
 j - 6 potions of haste
 k - 2 potions of resistance
 t - 5 potions of ambrosia
 u - 3 potions of magic
 w - 7 potions of lignification
 B - 4 potions of invisibility
 E - 8 potions of attraction
 G - 7 potions of heal wounds
 H - 6 potions of mutation
 Q - a potion of cancellation
Miscellaneous
 i - a condenser vane
 A - a box of beasts
 C - a phantom mirror
 O - a phial of floods (inert)


   Skills:
 + Level 16.9 Fighting
 - Level 4.6(10.4) Short Blades
 - Level 14.4(14.7) Long Blades
 + Level 12.2 Armour
 + Level 18.6 Dodging
 + Level 7.9 Stealth
 + Level 11.4 Shields
 - Level 5.7 Evocations


You had 17 spell levels left.
You didn't know any spells.
Your spell library contained the following spells:

 Spells                   Type           Power      Damage    Failure   Level
 Apportation              Tloc           0%         N/A       73%         1
 Foxfire                  Conj/Fire      0%         2x1d4     73%         1
 Magic Dart               Conj           0%         1d3       73%         1
 Searing Ray              Conj           0%         2d4       86%         2
 Call Canine Familiar     Summ           0%         N/A       97%         3
 Mephitic Cloud           Conj/Pois/Air  0%         N/A       97%         3
 Portal Projectile        Hex/Tloc       0%         N/A       97%         3
 Tukima's Dance           Hex            0%         N/A       97%         3
 Fulminant Prism          Conj/Hex       0%         3d6       100%        4
 Ice Form                 Ice/Tmut       0%         N/A       100%        4
 Leda's Liquefaction      Hex/Erth       0%         N/A       100%        4
 Passage of Golubria      Tloc           0%         N/A       100%        4
 Alistair's Intoxication  Tmut/Pois      0%         N/A       100%        5
 Yara's Violent Unravell  Hex/Tmut       0%         3d3       100%        5


Dungeon Overview and Level Annotations

Branches:
Dungeon (14/15)            Temple (0/1) D:7            Lair (5/5) D:8
  Swamp (4/4) Lair:2        Snake (4/4) Lair:3        Slime (0/5) Lair:5
    Orc (2/2) D:12            Elf (0/3) Orc:2        Vaults (0/5) D:13
Ossuary (visited)          Bailey (visited)

Altars:
Fedhas
Trog
Wu Jian
Yredelemnul
Zin
Jiyva

Shops:
D:3 =   D:7 *   D:8 =   D:13 *   Orc:2 ((=*   Snake:3 *[   Snake:4 *

Portals:
Trove: D:10 (give +5 ice dragon scales)

Annotations:
Swamp:2 Roxanne
Swamp:3 2 transporters, Fefob's ghost, adept TeWn


Innate Abilities, Weirdness & Mutations

You have a beak for a mouth.
You have claws for feet.
Your magical nature lets you fly swiftly and evasively.


Message History

You block the anaconda's attack.
The salamander mystic barely misses you.
The nagaraja spits poison at you. The splash of poison misses you.
The splash of poison hits the shock serpent!
The shock serpent looks even sicker.
The shock serpent's electric aura discharges, shocking the nagaraja!
The guardian serpent hits you but does no damage.
You feel better. The anaconda barely misses you.
The shock serpent completely misses you.
The nagaraja hits you with a +0 flail!!
* * * LOW HITPOINT WARNING * * *
You block the nagaraja's attack.
The guardian serpent completely misses you.
You block the anaconda's attack. The shock serpent misses you.
The salamander mystic misses you.
The shock serpent completely misses you.
Your magical effects are unravelling.
You feel magically purged.
You feel yourself speed up.
You feel yourself slow down.
You flicker back into view.
You are no longer firmly anchored in space.
You feel less vulnerable to poison. You block the anaconda's attack. x2
The nagaraja gestures at you while chanting.
The poison arrow misses you.
The poison arrow hits the shock serpent!!
The shock serpent looks as sick as possible!
The shock serpent's electric aura discharges, shocking the nagaraja!
The guardian serpent completely misses you.
You block the shock serpent's attack. The shock serpent closely misses you.
The anaconda completely misses you. x2
The salamander mystic gestures at the shock serpent while chanting.
The shock serpent seems to speed up.
The nagaraja hits you with a +0 flail!
* * * LOW HITPOINT WARNING * * *
The nagaraja grabs you. The nagaraja constricts you.
* * * LOW HITPOINT WARNING * * *
The guardian serpent coils itself and waves its upper body at you.
The naga blinks!
The shock serpent bites you!
You die...

#...##...............
#..N#...............
#.N).#.~..†.†......
#S.)~#.~.####'#####
#SN.#N~~~.#.......##
#..S##N~...#....##'#.
#N..##§....##....#....
N...##NS....#.....#....
..N.##S@N....##....#....
....##.SNS.....#....#####
...##..........#.........
#...........#.........
#............#.........
#.............#####'####
#.?...###.......)........
.....# ###.....†........
#..............


You could see a nagaraja (fast, very poisoned), a naga sharpshooter, a
salamander mystic, an anaconda, 2 shock serpents, a guardian serpent and 2
nagas.

Vanquished Creatures
  Nikola (Snake:1)
  Mlioglotl (Swamp:3)
  Kirke (Swamp:2)
  Donald (Swamp:2)
  3 nagarajas
  A fenstrider witch (Swamp:4)
  Aizul (Snake:1)
  An orc warlord (Orc:2)
  3 ghouls (Swamp:3)
  A very ugly thing (Swamp:4)
  5 eleionomae
  4 bunyips
  2 green deaths (Swamp:4)
  A shambling mangrove (Swamp:1)
  The ghost of valliere the Destroyer, a journeyman OpCj of Gozag (Lair:2)
  2 great orbs of eyes (Swamp:4)
  5 vault guards (D:13)
  A salamander tyrant (Snake:4)
  2 catoblepae
  10 hydras
  Erolcha (D:12)
  2 centaur warriors (D:13)
  7 anacondas
  13 alligators
  2 two-headed ogres
  9 naga warriors
  2 boulder beetles
  A deep troll shaman (Lair:5)
  An orc high priest (Orc:2)
  7 death yaks
  A thrashing horror (Swamp:4)
  5 naga sharpshooters
  Nergalle (D:11)
  Sonja (D:11)
  11 shock serpents
  Amaemon (D:11)
  6 goliath frogs
  3 salamander mystics
  A sea snake (Snake:3)
  11 bog bodies
  7 naga ritualists
  An orc knight (Bailey)
  8 swamp dragons
  5 mana vipers
  4 cyclopes
  5 orc sorcerers (Orc:2)
  2 will-o-the-wisps
  10 ugly things
  14 salamanders
  A manticore (D:13)
  16 elephants
  35 black mambas
  2 guardian serpents
  3 torpor snails
  An ice statue (Lair:3)
  13 naga magi
  10 cane toads
  2 gargoyles
  3 kobold demonologists
  An orange demon (D:11)
  A rime drake (Lair:2)
  2 unseen horrors
  A freezing wraith (Lair:3)
  15 komodo dragons
  A tengu conjurer (D:14)
  5 polar bears
  7 trolls
  10 tyrant leeches
  12 blink frogs
  5 hornets
  8 slime creatures (Swamp:4)
  5 dream sheep (Lair:4)
  A large abomination (Swamp:4)
  3 spriggans
  3 wraiths
  5 shadows
  48 yaks
  4 wyverns
  6 humans (D:13)
  A redback (shapeshifter) (D:11)
  2 steam dragons
  Menkaure (D:5)
  12 vampire mosquitoes
  Edmund (D:4)
  18 swamp worms
  23 nagas
  13 water moccasins
  Duvessa (D:5)
  7 ice beasts (Lair:3)
  18 orc warriors
  5 swamp drakes
  2 black bears
  3 sky beasts
  7 ogres
  10 wolves
  2 centaurs
  2 phantoms
  A small abomination (Swamp:4)
  3 kobold brigands
  8 necrophages
  15 bullfrogs
  2 scorpions
  5 wights (D:7)
  Dowan (D:5)
  21 killer bees
  3 howler monkeys
  9 electric eels
  2 hounds
  24 orc priests
  15 jellies
  A gnoll bouda (D:7)
  Crazy Yiuf (D:3)
  Natasha (thrice) (D:3)
  30 orc wizards
  9 mummies
  5 adders
  7 gnolls
  3 shadow imps
  2 white imps
  3 dart slugs
  A worm (D:3)
  67 orcs
  5 bats
  7 endoplasms
  2 giant cockroaches
  2 gnoll zombies (Ossuary)
  13 goblins
  9 hobgoblins
  5 jackals
  5 quokkas
  4 ball pythons
  2 frilled lizards
  A goblin zombie (D:8)
  3 hobgoblin zombies (Ossuary)
  24 kobolds
  4 orc zombies
  4 rats (D:1)
877 creatures vanquished.

Vanquished Creatures (collateral kills)
  A fenstrider witch (Swamp:3)
  2 death yaks (Lair:5)
3 creatures vanquished.

Vanquished Creatures (others)
  An alligator (Swamp:2)
  2 naga warriors
  2 naga ritualists
  A will-o-the-wisp (Swamp:2)
  2 bloated husks
  4 humans
  2 nagas (Snake:2)
  9 foxfires
  12 fungi
  36 plants
  4 toadstools (D:1)
75 creatures vanquished.

Grand Total: 955 creatures vanquished

Notes
Turn   | Place    | Note
-------+----------+-------------------------------------------
     0 | D:1      | hikkokomori the Tengu Berserker began the quest for the
                  | Orb.
     0 | D:1      | Reached XP level 1. HP: 14/14 MP: 2/2
   219 | D:1      | Found a faded altar of an unknown god.
   229 | D:1      | Reached XP level 2. HP: 14/19 MP: 3/3
   525 | D:1      | Reached XP level 3. HP: 23/23 MP: 4/4
  1170 | D:2      | Reached ** piety under Trog
  1465 | D:2      | Reached skill level 3 in Dodging
  1576 | D:2      | Reached XP level 4. HP: 26/28 MP: 5/5
  1877 | D:3      | Identified the +4 hammer "Kevi" {freeze, rElec Str+4}
  1880 | D:3      | Found a runed translucent door.
  1881 | D:3      | Noticed Crazy Yiuf
  2148 | D:3      | Gained mutation: Your magical nature lets you fly swiftly
                  | and evasively. [Tengu growth]
  2148 | D:3      | Reached XP level 5. HP: 18/33 MP: 6/6
  2228 | D:3      | Noticed Natasha
  2234 | D:3      | Killed Natasha
  2315 | D:3      | Noticed Natasha
  2318 | D:3      | Found Liwucen's Jewellery Shop.
  2319 | D:3      | Reached *** piety under Trog
  2324 | D:3      | Killed Natasha
  2397 | D:3      | Noticed Natasha
  2402 | D:3      | Killed Natasha
  2403 | D:3      | Reached XP level 6. HP: 29/38 MP: 7/7
  2554 | D:3      | Found an ornate altar of the Wu Jian Council.
  2560 | D:3      | Found a basalt altar of Yredelemnul.
  2804 | D:3      | Killed Crazy Yiuf
  2874 | D:4      | Reached skill level 4 in Dodging
  2908 | D:4      | Noticed Edmund
  2915 | D:4      | Killed Edmund
  3116 | D:4      | Found a glowing silver altar of Zin.
  3196 | D:4      | Reached XP level 7. HP: 38/44 MP: 8/8
  3637 | D:5      | Entered Level 5 of the Dungeon
  3637 | D:5      | Noticed Menkaure
  3643 | D:5      | Noticed Duvessa
  3647 | D:5      | Killed Menkaure
  3648 | D:5      | Reached skill level 5 in Fighting
  3648 | D:5      | Reached skill level 5 in Armour
  3648 | D:5      | Reached skill level 5 in Dodging
  3648 | D:5      | Noticed Dowan
  3649 | D:5      | Killed Duvessa
  3659 | D:5      | Killed Dowan
  3791 | D:5      | Reached XP level 8. HP: 50/50 MP: 9/9
  4032 | D:5      | Reached skill level 6 in Dodging
  4118 | D:5      | Found a blossoming altar of Fedhas.
  4243 | D:6      | Reached **** piety under Trog
  4355 | D:6      | Reached skill level 7 in Dodging
  4371 | D:6      | Reached XP level 9. HP: 56/56 MP: 10/10
  4785 | D:7      | Found a flagged portal.
  4794 | Bailey   | Entered a bailey
  4856 | Bailey   | Noticed an orc knight
  4870 | Bailey   | Killed an orc knight
  4871 | Bailey   | Reached skill level 8 in Dodging
  4874 | Bailey   | Identified the +3 great mace of the New World {vorpal,
                  | rElec Str+2}
  5104 | D:7      | Found Qeehyony's Overcharged Wands.
  5120 | D:7      | Reached ***** piety under Trog
  5137 | D:7      | Reached skill level 9 in Dodging
  5398 | D:7      | Found a staircase to the Ecumenical Temple.
  5670 | D:7      | Reached XP level 10. HP: 65/66 MP: 11/11
  5682 | D:7      | Noticed a red ugly thing
  5699 | D:7      | Killed a red ugly thing
  5717 | D:7      | Reached skill level 10 in Dodging
  5833 | D:7      | HP: 3/66 [electric eel/bolt of electricity (5)]
  6171 | D:8      | Found a sand-covered staircase.
  6198 | Ossuary  | Entered an ossuary
  6235 | Ossuary  | Identified the +2 scimitar of Frustration {flame, rN+
                  | Dex+6} (Trog gifted it to you in an ossuary)
  6235 | Ossuary  | Received a gift from Trog
  6763 | D:8      | Found Itram's Jewellery Emporium.
  6790 | D:8      | Reached skill level 10 in Fighting
  7099 | D:8      | Found a staircase to the Lair.
  7363 | D:9      | Reached skill level 11 in Dodging
  7568 | D:9      | Reached skill level 1 in Long Blades
  7723 | D:9      | Reached XP level 11. HP: 64/73 MP: 9/12
  8215 | D:10     | Entered Level 10 of the Dungeon
  8484 | D:10     | Found a bloodstained altar of Trog.
  8565 | D:10     | Found a portal to a secret trove of treasure.
  8641 | D:10     | Reached skill level 1 in Stealth
  8667 | D:10     | Noticed a two-headed ogre
  8673 | D:10     | Killed a two-headed ogre
  8731 | D:11     | Reached skill level 12 in Dodging
  8853 | D:11     | Noticed Sonja
  8875 | D:11     | Killed Sonja
  8876 | D:11     | Reached skill level 5 in Long Blades
  9138 | D:11     | Identified the ring of Sicor {rN+ Str+6}
  9263 | D:11     | Noticed Amaemon
  9294 | D:11     | Killed Amaemon
  9563 | D:11     | Noticed Nergalle
  9571 | D:11     | Killed Nergalle
  9572 | D:11     | Reached XP level 12. HP: 70/81 MP: 10/13
  9670 | D:12     | Noticed Erolcha
  9688 | D:12     | Killed Erolcha
  9689 | D:12     | Reached skill level 5 in Stealth
  9709 | D:12     | Got the Directory of Glacial Damage Dealing
 10261 | D:12     | Found a staircase to the Orcish Mines.
 10268 | D:12     | Reached skill level 13 in Dodging
 10647 | D:13     | Noticed a boulder beetle
 10657 | D:13     | Killed a boulder beetle
 10669 | D:13     | Noticed a centaur warrior
 10698 | D:13     | Killed a centaur warrior
 11060 | D:13     | Found Tics's Assorted Antiques.
 11105 | D:13     | Noticed a centaur warrior
 11115 | D:13     | Killed a centaur warrior
 11232 | D:13     | Noticed a vault guard
 11232 | D:13     | Noticed a vault guard
 11232 | D:13     | Noticed a vault guard
 11232 | D:13     | Noticed a vault guard
 11234 | D:13     | Noticed a vault guard
 11240 | D:13     | Killed a vault guard
 11245 | D:13     | Killed a vault guard
 11248 | D:13     | Killed a vault guard
 11257 | D:13     | Killed a vault guard
 11257 | D:13     | Received a gift from Trog
 11263 | D:13     | Killed a vault guard
 11264 | D:13     | Reached XP level 13. HP: 81/87 MP: 9/14
 11381 | D:13     | Found a gate to the Vaults.
 12038 | Lair:1   | Entered Level 1 of the Lair of Beasts
 12232 | Lair:1   | Reached skill level 1 in Shields
 12236 | Lair:1   | Reached skill level 14 in Dodging
 13624 | Lair:2   | Found a staircase to the Swamp.
 13873 | Lair:2   | Found a runed translucent door.
 13877 | Lair:2   | Noticed valliere's ghost (journeyman OpCj)
 13881 | Lair:2   | Identified the +7 trident of Diomorch {flame, *Rage rN+
                  | Int+2}
 13930 | Lair:2   | Killed valliere's ghost
 13933 | Lair:2   | Reached skill level 10 in Long Blades
 14734 | Lair:3   | Reached XP level 14. HP: 95/95 MP: 15/15
 14780 | Lair:3   | Received a gift from Trog
 14781 | Lair:3   | Reached skill level 5 in Shields
 14895 | Lair:3   | Reached skill level 15 in Dodging
 15011 | Lair:3   | Found a staircase to the Snake Pit.
 15442 | Lair:4   | Identified the +3 scimitar "Giant's Curse" {freeze, *Rage
                  | +Blink Dex+2}
 16688 | Lair:5   | Entered Level 5 of the Lair of Beasts
 17105 | Lair:5   | Received a gift from Trog
 17287 | Lair:5   | Reached XP level 15. HP: 34/101 MP: 7/16
 17485 | Lair:5   | Found a staircase to the Slime Pits.
 17486 | Lair:5   | Found a viscous altar of Jiyva.
 18294 | Orc:1    | Entered Level 1 of the Orcish Mines
 18701 | Orc:2    | Entered Level 2 of the Orcish Mines
 18701 | Orc:2    | Found a staircase to the Elven Halls.
 18782 | Orc:2    | Reached skill level 16 in Dodging
 19087 | Orc:2    | Received a gift from Trog
 19157 | Orc:2    | Found Aqe Ham's Weapon Shoppe.
 19157 | Orc:2    | Found Tofuh's General Store.
 19158 | Orc:2    | Found Bolibe's Jewellery Emporium.
 19163 | Orc:2    | Found Udyemitu's Antique Weapon Shoppe.
 19217 | Orc:2    | Reached skill level 15 in Fighting
 19410 | Orc:2    | Noticed an orc warlord
 19439 | Orc:2    | Killed an orc warlord
 19606 | Orc:2    | Bought a shimmering short sword for 184 gold pieces
 19606 | Orc:2    | Identified the +2 short sword "Upotureh" {speed, rN+ rCorr}
                  | (You bought it in a shop on level 2 of the Orcish Mines)
 19632 | Orc:2    | Paralysed by an orc sorcerer for 5 turns
 20420 | Swamp:1  | Entered Level 1 of the Swamp
 20976 | Swamp:1  | Reached ****** piety under Trog
 21453 | Swamp:2  | Found a basalt altar of Yredelemnul.
 21484 | Swamp:2  | Noticed Kirke
 21719 | Swamp:2  | Killed Kirke
 21845 | Swamp:2  | Noticed Donald
 21855 | Swamp:2  | Killed Donald
 21856 | Swamp:2  | Reached skill level 1 in Evocations
 22304 | Swamp:2  | Received a gift from Trog
 22312 | Swamp:2  | Noticed Roxanne
 22338 | Swamp:2  | Reached XP level 16. HP: 108/108 MP: 17/17
 22813 | Swamp:3  | Reached skill level 17 in Dodging
 23100 | Swamp:3  | Noticed Fefob's ghost (adept TeWn)
 23103 | Swamp:3  | Found a bloodstained altar of Trog.
 23138 | Swamp:3  | Found a transporter.
 23176 | Swamp:3  | Found a transporter.
 23239 | Swamp:3  | Identified the +7 scimitar of Turmoil {venom, rElec rPois
                  | rC+ Will+ Stlth-}
 23366 | Swamp:3  | Noticed a fenstrider witch
 23369 | Swamp:3  | Noticed Mlioglotl
 23380 | Swamp:3  | Killed a fenstrider witch
 23381 | Swamp:3  | Killed Mlioglotl
 23704 | Swamp:4  | Entered Level 4 of the Swamp
 23752 | Swamp:4  | Reached skill level 10 in Shields
 23773 | Swamp:4  | Noticed a fenstrider witch
 23781 | Swamp:4  | Killed a fenstrider witch
 24071 | Swamp:4  | Received a gift from Trog
 24269 | Swamp:4  | Reached skill level 5 in Evocations
 24642 | Swamp:4  | Got a decaying rune of Zot
 25009 | Snake:1  | Entered Level 1 of the Snake Pit
 25024 | Snake:1  | Reached XP level 17. HP: 113/113 MP: 18/18
 25025 | Snake:1  | Noticed Aizul
 25049 | Snake:1  | Killed Aizul
 25251 | Snake:1  | Reached skill level 10 in Armour
 25940 | Snake:1  | Noticed Nikola
 25952 | Snake:1  | Killed Nikola
 26567 | Snake:2  | Received a gift from Trog
 27315 | Snake:2  | Reached skill level 18 in Dodging
 27914 | Snake:2  | Found a gateway to a bazaar.
 28179 | Bazaar   | Entered a bazaar
 28255 | Bazaar   | Found Cearagosh's Book Shoppe.
 28255 | Bazaar   | Found Imukh's Weapon Emporium.
 28277 | Bazaar   | Found Uxzup's General Store.
 28277 | Bazaar   | Found Horghimor's Distillery.
 28299 | Bazaar   | Found Qyhaxtott's Magic Scroll Shoppe.
 28340 | Bazaar   | Bought a scroll of summoning for 85 gold pieces
 28340 | Bazaar   | Bought a scroll of enchant weapon for 67 gold pieces
 28400 | Bazaar   | Bought a potion of invisibility for 80 gold pieces
 28400 | Bazaar   | Bought a potion of curing for 30 gold pieces
 28400 | Bazaar   | Bought a potion of might for 40 gold pieces
 28400 | Bazaar   | Bought 2 potions of haste for 200 gold pieces
 28400 | Bazaar   | Bought a potion of heal wounds for 50 gold pieces
 28400 | Bazaar   | Bought a potion of resistance for 100 gold pieces
 28400 | Bazaar   | Bought a potion of mutation for 80 gold pieces
 28406 | Bazaar   | Bought a potion of heal wounds for 35 gold pieces
 28840 | Snake:3  | Found Wahil's Armour Emporium.
 28845 | Snake:3  | Found Pedas's General Store.
 28848 | Snake:3  | Bought the +0 pair of gloves of Disguise {Str+3 Int+2} for
                  | 374 gold pieces
 28860 | Snake:3  | Bought 2 potions of curing for 120 gold pieces
 28954 | Snake:3  | Received a gift from Trog
 29814 | Snake:4  | Entered Level 4 of the Snake Pit
 29814 | Snake:4  | Found Cuadd's Mass Market.
 29845 | Snake:4  | Reached XP level 18. HP: 119/122 MP: 19/19
 30518 | Snake:4  | HP: 5/122 [nagaraja/+0 flail (7)]
 30518 | Snake:4  | HP: 2/122 [constriction (3)]
 30518 | Snake:4  | Mangled by a shock serpent

Illustrated notes

Levels and vault maps discovered:
D:1:      ldierk_walled_garden_2, layout_basic,
          hellmonk_ecumenical_altar_run_dry, minmay_cupped
D:2:      layout_basic, corexii_item_surrounded_by_moat
D:3:      layout_loops_ring, amethyst_overflow_temple_binary, serial_shops,
          shop, grunt_ministairs_15, uniq_crazy_yiuf_cottage, uniq_natasha
D:4:      layout_gridville, kennysheep_little_box, saegor_snake_ambush,
          uniq_edmund
D:5:      layout_cave_pools, fedhas_ov_isle_minmay, minivault_11, uniq_menkaure,
          uniq_duvessa
D:6:      layout_rooms
D:7:      cheibrodos_two_vegetables, layout_loops_cross,
          minmay_temple_entry_hall, enter_bailey_2,
          nicolae_shop_overcharged_wands
D:8:      layout_loops_corners, lair_entry_dummy, nicolae_ossuary_entry_giza,
          serial_shops, kennysheep_mini, minivault_5
D:9:      layout_roguey
D:10:     layout_long_grid, kennysheep_mini_moat, nicolae_trove_entry_columns
D:11:     layout_basic, uniq_nergalle, uniq_amaemon, uniq_sonja
D:12:     layout_layer_cave, orc_0_dummy, uniq_erolcha
D:13:     layout_irregular_city, ximxim_vaults_locker_room, serial_shops,
          nicolae_shop_crystal
D:14:     layout_basic, serial_bayou_shore_b, ebering_ghost_inner_flame,
          minmay_checkered_concentric_circles, uniq_snorg
Lair:1:   layout_regular_city, minivault_19, grunt_megastairs_1
Lair:2:   layout_loops_ring, minmay_swamp_entry_worms,
          ebering_ghost_funeral_grove, st_stairs_10, beast_lair_carwin_9,
          infiniplex_staircase_pool
Lair:3:   layout_chaotic_city, dummy_snake_entry, ice2_lemuel, lemuel_fruit_tree
Lair:4:   layout_cave_pods, evilmike_ambush [evilmike_ambush_outer_pillars,
          evilmike_ambush_inner_wall_1]
Lair:5:   grunt_lair_end_beastmaster, layout_loops_ring,
          minmay_slime_entry_jelly_boxes, nicolae_quartered_pool_super
Swamp:1:  layout_falls_marsh, hangedman_swamp_pad
Swamp:2:  layout_basic_swamp, evilmike_swamp_ruin_house_6, swamp_pool4,
          grunt_ruined_hall, infiniplex_staircase_pool_2, uniq_donald,
          uniq_kirke, uniq_roxanne
Swamp:3:  layout_basic_swamp, gammafunk_ghost_wrathful_warriors,
          nicolae_swamp_well_well_well, swamp_pool3, uniq_mlioglotl
Swamp:4:  swamp_vile, layout_basic_swamp, swamp_pool5
Snake:1:  layout_onion, uniq_aizul, uniq_nikola
Snake:2:  layout_concentric_octagons, serial_shops, freezing_bzr,
          serial_bayou_shore_b, grunt_megastairs_3
Snake:3:  layout_grid_maze, nicolae_snake_slithery_corners, library_closet,
          serial_bayou_shore_a, minmay_shop_star, serial_bayou_shore_b
Snake:4:  johnstein_snake_rune_scales, layout_cave_town, minmay_shop_mass,
          uniq_vashnia
Orc:1:    layout_caves
Orc:2:    st_orc_mages, layout_caves

Skill      XL: |  1  2  3  4  5  6  7  8  9 10 11 12 13 14 15 16 17 18 |
---------------+-------------------------------------------------------+-----
Dodging        | 3 4 5 7 9 11 12 13 14 15 16 17 18 | 18.6
Armour         | 3 4 5 7 9 11 12 | 12.2
Short Blades   | 4 |  4.6
Fighting       | 4 5 6 9 10 11 12 13 14 15 16 | 16.9
Long Blades    | 2 6 8 10 11 13 14 | 14.4
Stealth        | 4 7 |  7.9
Shields        | 4 7 9 10 11 | 11.4
Evocations     | 2 5 |  5.7

Action                   |  1- 3 |  4- 6 |  7- 9 | 10-12 | 13-15 | 16-18 || total
-------------------------+-------+-------+-------+-------+-------+-------++-------
Melee: Short sword       |    85 |     9 |   171 |    61 |       |       ||   326
       Kick              |    18 |    15 |    63 |   143 |   376 |   353 ||   968
       Peck              |     9 |     8 |    34 |    75 |   224 |   219 ||   569
       Mace              |       |    75 |    15 |       |       |       ||    90
       Punch             |       |       |     2 |     9 |       |       ||    11
       Scimitar          |       |       |       |   316 |   928 |   756 ||  2000
       Quick blade       |       |       |       |       |       |    14 ||    14
Throw: Dart              |       |       |       |     5 |     1 |     3 ||     9
Invok: Berserk           |       |     1 |     2 |     8 |    13 |    13 ||    37
       Trog's Hand       |       |       |       |     2 |     2 |       ||     4
       Brothers in Arms  |       |       |       |       |     1 |     2 ||     3
Evoke: Wand              |       |       |       |     6 |     1 |     2 ||     9
       Box of beasts     |       |       |       |     1 |     2 |       ||     3
       Phantom mirror    |       |       |       |       |       |     1 ||     1
       Condenser vane    |       |       |       |       |       |     1 ||     1
       Phial of floods   |       |       |       |       |       |     1 ||     1
  Use: Scroll            |     4 |       |    10 |    16 |     8 |     1 ||    39
       Potion            |       |       |       |     2 |     3 |     9 ||    14
 Stab: Sleeping          |       |       |       |     2 |    20 |    19 ||    41
       Distracted        |       |       |       |     1 |     8 |     1 ||    10
       Invisible         |       |       |       |       |       |     1 ||     1
Armor: Animal skin       |     1 |       |       |       |       |       ||     1
       Ring mail         |    16 |    24 |    33 |    65 |    82 |    22 ||   242
       Swamp dragon scal |       |       |       |       |       |    46 ||    46
Dodge: Dodged            |    56 |    59 |   136 |   473 |   666 |   652 ||  2042
Block: Kite shield       |       |       |       |       |   489 |   541 ||  1030
       Reflection        |       |       |       |       |       |    26 ||    26

Table legend: (Time is in decaauts)
 A = Elapsed time spent in this place.
 B = Non-inter-level travel time spent in this place.
 C = Inter-level travel time spent in this place.
 D = Time resting spent in this place.
 E = Time spent auto-exploring this place.
 F = Levels seen in this place.
 G = Mean time per level.
                   A        B        C        D        E       F      G
               +--------+--------+--------+--------+--------+-----+--------+
         Total |  29017 |  27755 |   1262 |   1829 |  19542 |  32 |  906.8 |
       Dungeon |  11413 |  10672 |    741 |    264 |   8329 |  14 |  815.2 |
          Lair |   6011 |   5758 |    253 |    429 |   4073 |   5 | 1202.2 |
         Swamp |   4428 |   4293 |    135 |    795 |   2266 |   4 | 1107.0 |
     Snake Pit |   4833 |   4754 |     79 |    329 |   3537 |   4 | 1208.2 |
  Orcish Mines |   1611 |   1560 |     51 |      6 |   1054 |   2 |  805.5 |
        Bazaar |    236 |    236 |      0 |      0 |    133 |   1 |  236.0 |
       Ossuary |    202 |    202 |      0 |      0 |    102 |   1 |  202.0 |
        Bailey |    282 |    282 |      0 |      4 |     45 |   1 |  282.0 |
               +--------+--------+--------+--------+--------+-----+--------+

Top non-repeatable levels by time:
 Snake:2: 1732 daAuts
 Swamp:2: 1383 daAuts
 Snake:1: 1362 daAuts
  Lair:5: 1344 daAuts
    D:13: 1339 daAuts
  Lair:2: 1322 daAuts
   Orc:2: 1232 daAuts
  Lair:4: 1209 daAuts
  Lair:3: 1177 daAuts
 Swamp:4: 1171 daAuts
     D:3: 1117 daAuts
 Snake:3: 1078 daAuts
    D:12: 1024 daAuts
     D:8: 1018 daAuts
 Swamp:1: 1005 daAuts
